 Dungeon Crawl Stone Soup version 0.31.0-9-g3a7656b989 (webtiles) character file.

Game seed: 4058824135991888373

0 James the Sneak (level 1, -15/18 HPs)
             Began as a Formicid Delver on Jan 24, 2024.
             Demolished by an ogre
             ... wielding a +0 giant spiked club
              (18 damage)
             ... on level 5 of the Dungeon.
             The game lasted 00:00:53 (63 turns).

James the Sneak (Formicid Delver)                     Turns: 63, Time: 00:00:53

Health: -15/18     AC:  3    Str: 16    XL:     1   Next: 0%
Magic:  1/1        EV: 12    Int:  9    God:
Gold:   0          SH:  0    Dex: 15    Spells: 0/0 levels left

rFire   . . .        a - +0 spear
rCold   . . .        (no shield)
rNeg    . . .        b - +0 leather armour
rPois   .            (helmet unavailable)
rElec   .            (no cloak)
rCorr   .            (no gloves)
SInv    +            (no boots)
Will    .....        (no amulet)
Stlth   +++          (no ring)
HPRegen 0.23/turn    (no ring)
MPRegen 0.07/turn

%: no passive effects
@: no status effects
A: permanent stasis, dig shafts and tunnels, antennae 3, four strong arms
a: Dig, Shaft Self


You were on level 5 of the Dungeon.
You visited 1 branch of the dungeon, and saw 1 of its levels.

Inventory:

Hand Weapons
 a - a +0 spear (weapon)
Missiles
 f - 3 poisoned darts (quivered)
Armour
 b - a +0 leather armour (worn)
Wands
 v - a wand of digging (3)
Scrolls
 c - a scroll of fog
 d - a scroll of revelation
 e - a scroll of fear


   Skills:
 - Level 3.2 Fighting
 + Level 2.0 Polearms
 - Level 1.7 Dodging
 - Level 6.0 Stealth


You couldn't memorise any spells.
You didn't know any spells.
Your spell library was empty.

Dungeon Overview and Level Annotations

Branches:
Dungeon (5/15)
 Temple: D:4-7

Altars:


Innate Abilities, Weirdness & Mutations

You cannot be hasted, slowed, berserked, paralysed or teleported.
You can dig through walls and to a lower floor.
You have a pair of large antennae on your head. (SInv)
Your four strong arms can wield two-handed weapons with a shield.


Message History

Throw: 6 darts (poison)
Press: ? - help, Q - select action, (/) - cycle Shift-Dir - straight line, f - ogre
Aim: an ogre, wielding a +0 giant spiked club (72% to hit)
Okay, then.
Okay, then.
Okay, then.
Throw: 6 darts (poison)
Press: ? - help, Q - select action, (/) - cycle Shift-Dir - straight line, f - ogre
Aim: an ogre, wielding a +0 giant spiked club (72% to hit)
You throw a poisoned dart.
The poisoned dart barely misses the ogre.
The orc shouts!
You hear a shout!
An orc comes into view. It is wielding a +0 whip.
An orc wizard comes into view. It is wielding a +0 dagger.
Throw: 5 darts (poison)
Press: ? - help, Q - select action, (/) - cycle Shift-Dir - straight line, f/p - ogre
Aim: an ogre, wielding a +0 giant spiked club (72% to hit)
You throw a poisoned dart. The poisoned dart hits the ogre.
The ogre is poisoned.
The orc shouts!
The orc wizard shouts!
An orc wizard comes into view. It is wielding a +0 dagger.
An ogre comes into view. It is wielding a +0 giant club.
Throw: 4 darts (poison)
Press: ? - help, Q - select action, (/) - cycle Shift-Dir - straight line, f/p - ogre
Aim: an ogre, wielding a +0 giant spiked club (lightly wounded, poisoned, 72% to hit)
You throw a poisoned dart. The poisoned dart hits the ogre.
The ogre looks even sicker.
The orc wizard shouts!
The orc attacks as it pursues you! The orc barely misses you.
You closely miss the orc. The orc hits you with a +0 war axe.
You hit the orc. The orc barely misses you. The ogre closely misses you.
The ogre looks more healthy.
The orc attacks as it pursues you! The orc closely misses you.
The orc attacks as it pursues you! The orc completely misses you.
You hit the orc. The orc hits you with a +0 war axe!
* * * LOW HITPOINT WARNING * * *
You hit the orc. The orc closely misses you.
You hit the orc but do no damage. The orc closely misses you.
The orc completely misses you.
The orc wizard casts a spell.
The orc wizard flickers and vanishes for a moment.
You hit the orc.
You kill the orc!
The orc hits you with a +0 whip.
* * * LOW HITPOINT WARNING * * *
The ogre hits you with a +0 giant spiked club!!
Ouch! That really hurt!
You die...

.....#....$..#
...........#
#.........#
##.##...#.##
#...>......#
#.#.......##
...#........##
.....#..O......##
.....##.@)O..#...##
#.#.. ###o#oo#....#
. ####..
###......## ..#.#..
###..#...## ......
##.#..##..#
....###....#o...# .
{ #..##....#...##..
#................ o
###...##....?...#


You could see 2 ogres, 2 orc wizards and an orc.

Vanquished Creatures
  An orc (D:5)
1 creature vanquished.

Notes
Turn   | Place    | Note
-------+----------+-------------------------------------------
     0 | D:5      | James the Formicid Delver began the quest for the Orb.
     0 | D:5      | Reached XP level 1. HP: 18/18 MP: 1/1
     1 | D:5      | Noticed a black bear
    31 | D:5      | Noticed an orc priest
    40 | D:5      | Noticed an ogre
    42 | D:5      | Noticed an orc wizard
    43 | D:5      | Noticed an orc wizard
    43 | D:5      | Noticed an ogre
    63 | D:5      | Demolished by an ogre

Illustrated notes

Levels and vault maps discovered:
D:5:      layout_cave_pools

Action                     || total
---------------------------++-------
  Melee: Spear             ||     6
  Throw: Dart              ||     3
 Armour: Leather armour    ||     4
  Dodge: Dodged            ||     8
